TOP OF THE 1ST |
Burlington Senators batting - Pitching for Lynchburg Hillcats : RHP Duane Ware
|
Pitching: RHP Duane Ware
|
|
Batting: RHB Shawon Dunston
|
0-0: Ball 1-0: Called Strike 1-1: Ball 2-1: Bunt missed! 2-2: Ground out U3 (Groundball, 34, EV 96.3 MPH)
|
Batting: RHB Pat Jelks
|
0-0: Called Strike 0-1: Swinging Strike 0-2: Ball 1-2: SINGLE (Line Drive, 89S, EV 93.1 MPH)
|
Batting: LHB Mike Kingery
|
0-0: Ball 1-0: Ball Pat Jelks is caught stealing 2nd base 2-6 2-0: TRIPLE (Line Drive, 9D, EV 107.5 MPH)
|
Batting: RHB Dave Keller
|
0-0: Swinging Strike 0-1: Called Strike 0-2: Strikes out swinging
|
Top of the 1st over - 0 runs, 2 hits, 0 errors, 1 left on base; Burlington 0 - Lynchburg 0 |
BOTTOM OF THE 1ST |
Lynchburg Hillcats batting - Pitching for Burlington Senators : RHP Rick Steirer
|
Pitching: RHP Rick Steirer
|
|
Batting: RHB Ronald Lee
|
0-0: Foul Ball, location: 2F 0-1: Ground out 5-3 (Groundball, 56, EV 86.9 MPH)
|
Batting: RHB Russ Quetti
|
0-0: Called Strike 0-1: Ball 1-1: Foul Ball, location: 2F 1-2: Foul Ball, location: 2F 1-2: Ball 2-2: Reached on error, E5 (Groundball, 56, EV 102.5 MPH)
|
Batting: RHB William Lajoie
|
0-0: Called Strike 0-1: Called Strike 0-2: Grounds into double play, 6-4-3 (Groundball, 6S, EV 80.6 MPH)
|
Bottom of the 1st over - 0 runs, 0 hits, 1 error, 0 left on base; Burlington 0 - Lynchburg 0 |
TOP OF THE 2ND |
Burlington Senators batting - Pitching for Lynchburg Hillcats : RHP Duane Ware
|
Batting: RHB Michael Spinozzi
|
0-0: Ball 1-0: Called Strike 1-1: Ground out 4-3 (Groundball, 4S, EV 86.3 MPH)
|
Batting: LHB John Skorochocki
|
0-0: Ground out 6-3 (Groundball, 6, EV 85.6 MPH)
|
Batting: RHB Richard Hertel
|
0-0: Ball 1-0: Foul Ball, location: 2F 1-1: Swinging Strike 1-2: Strikes out swinging
|
Top of the 2nd over - 0 runs, 0 hits, 0 errors, 0 left on base; Burlington 0 - Lynchburg 0 |
BOTTOM OF THE 2ND |
Lynchburg Hillcats batting - Pitching for Burlington Senators : RHP Rick Steirer
|
Batting: RHB Richard Witt
|
0-0: Ball 1-0: Called Strike 1-1: Foul Ball, location: 2F 1-2: Foul Ball, location: 2F 1-2: Ball 2-2: Ground out U3 (Groundball, 3L, EV 99.4 MPH)
|
Batting: RHB Kenneth Tillman
|
0-0: Called Strike 0-1: Ground out 6-3 (Groundball, 4M, EV 106.3 MPH)
|
Batting: RHB Curtis Cannedy
|
0-0: Swinging Strike 0-1: Called Strike 0-2: Foul Ball, location: 2F 0-2: Ball 1-2: Strikes out swinging
|
Bottom of the 2nd over - 0 runs, 0 hits, 0 errors, 0 left on base; Burlington 0 - Lynchburg 0 |
TOP OF THE 3RD |
Burlington Senators batting - Pitching for Lynchburg Hillcats : RHP Duane Ware
|
Batting: LHB Juan Araujo
|
0-0: Ball 1-0: Foul Ball, location: 2F 1-1: Ball 2-1: Ground out 5-3 (Groundball, 56, EV 83.1 MPH)
|
Batting: RHB Brad Bauman
|
0-0: Ball 1-0: Called Strike 1-1: Swinging Strike 1-2: Ball 2-2: Ball 3-2: Ground out 4-3 (Groundball, 4, EV 83.1 MPH)
|
Batting: RHB Shawon Dunston
|
0-0: Ball 1-0: Fly out, F9 (Flyball, 9S, EV 80.6 MPH)
|
Top of the 3rd over - 0 runs, 0 hits, 0 errors, 0 left on base; Burlington 0 - Lynchburg 0 |
BOTTOM OF THE 3RD |
Lynchburg Hillcats batting - Pitching for Burlington Senators : RHP Rick Steirer
|
Batting: RHB Frederic Wade
|
0-0: SINGLE (Line Drive, 89S, EV 95.0 MPH)
|
Batting: LHB Eb MacDonald
|
0-0: Called Strike 0-1: Called Strike 0-2: Grounds into double play, 4-6-3 (Groundball, 4, EV 99.4 MPH)
|
Batting: RHB Felix Estrada
|
0-0: Ball 1-0: Fly out, F8 (Flyball, 8RD, EV 80.0 MPH)
|
Bottom of the 3rd over - 0 runs, 1 hit, 0 errors, 0 left on base; Burlington 0 - Lynchburg 0 |
TOP OF THE 4TH |
Burlington Senators batting - Pitching for Lynchburg Hillcats : RHP Duane Ware
|
Batting: RHB Pat Jelks
|
0-0: Called Strike 0-1: Swinging Strike 0-2: Ground out 6-3 (Groundball, 6, EV 77.5 MPH)
|
Batting: LHB Mike Kingery
|
0-0: Ball 1-0: Swinging Strike 1-1: Foul Ball, location: 2F 1-2: Strikes out swinging
|
Batting: RHB Dave Keller
|
0-0: Ball 1-0: Swinging Strike 1-1: Foul Ball, location: 2F 1-2: Ball 2-2: Strikes out swinging
|
Top of the 4th over - 0 runs, 0 hits, 0 errors, 0 left on base; Burlington 0 - Lynchburg 0 |
BOTTOM OF THE 4TH |
Lynchburg Hillcats batting - Pitching for Burlington Senators : RHP Rick Steirer
|
Batting: RHB Ronald Lee
|
0-0: Called Strike 0-1: SINGLE (Line Drive, 7S, EV 101.9 MPH)
|
Batting: RHB Russ Quetti
|
0-0: Ball 1-0: Called Strike 1-1: Swinging Strike 1-2: Ball 2-2: Foul Ball, location: 2F 2-2: SINGLE (Line Drive, 8LS, EV 96.3 MPH) Ronald Lee to second
|
Batting: RHB William Lajoie
|
0-0: Foul Ball, location: 2F 0-1: 3-RUN HOME RUN (Line Drive, 7LD, EV 106.3 MPH), Distance : 373 ft
|
Batting: RHB Richard Witt
|
0-0: Ball 1-0: Ball 2-0: Called Strike 2-1: Ground out 4-3 (Groundball, 4, EV 82.5 MPH)
|
Batting: RHB Kenneth Tillman
|
0-0: Called Strike 0-1: Called Strike 0-2: Ball 1-2: Strikes out swinging
|
Batting: RHB Curtis Cannedy
|
0-0: Foul Ball, location: 2F 0-1: Fly out, F8 (Flyball, 78D, EV 80.6 MPH)
|
Bottom of the 4th over - 3 runs, 3 hits, 0 errors, 0 left on base; Burlington 0 - Lynchburg 3 |
TOP OF THE 5TH |
Burlington Senators batting - Pitching for Lynchburg Hillcats : RHP Duane Ware
|
Batting: RHB Michael Spinozzi
|
0-0: Ball 1-0: Foul Ball, location: 2F 1-1: Ball 2-1: Swinging Strike 2-2: Ball 3-2: Strikes out looking
|
Batting: LHB John Skorochocki
|
0-0: Ball 1-0: Fly out, F8 (Flyball, 8RM, EV 87.5 MPH)
|
Batting: RHB Richard Hertel
|
0-0: Called Strike 0-1: Fly out, F3 (Popup, 3SF, EV 78.8 MPH)
|
Top of the 5th over - 0 runs, 0 hits, 0 errors, 0 left on base; Burlington 0 - Lynchburg 3 |
BOTTOM OF THE 5TH |
Lynchburg Hillcats batting - Pitching for Burlington Senators : RHP Rick Steirer
|
Batting: RHB Frederic Wade
|
0-0: Foul Ball, location: 2F 0-1: Foul Ball, location: 2F 0-2: Ball 1-2: Ball 2-2: Foul Ball, location: 2F 2-2: Ball 3-2: Ground out 5-3 (Groundball, 56S, EV 61.3 MPH)
|
Batting: LHB Eb MacDonald
|
0-0: Ball 1-0: Called Strike 1-1: Swinging Strike 1-2: Fly out, F3 (Flyball, 3D, EV 87.5 MPH)
|
Batting: RHB Felix Estrada
|
0-0: Ball 1-0: Ball 2-0: Ball 3-0: Called Strike 3-1: Called Strike 3-2: Base on Balls
|
Batting: RHB Ronald Lee
|
0-0: Ball 1-0: Called Strike 1-1: Ball 2-1: Foul Ball, location: 2F 2-2: Fly out, F4 (Popup, 34, EV 76.3 MPH)
|
Bottom of the 5th over - 0 runs, 0 hits, 0 errors, 1 left on base; Burlington 0 - Lynchburg 3 |
TOP OF THE 6TH |
Burlington Senators batting - Pitching for Lynchburg Hillcats : RHP Duane Ware
|
Batting: LHB Juan Araujo
|
0-0: Ball 1-0: Called Strike 1-1: Ball 2-1: Called Strike 2-2: Ground out 4-3 (Groundball, 4, EV 102.5 MPH)
|
Batting: RHB Brad Bauman
|
0-0: Bunt missed! 0-1: Foul Ball, location: 2F 0-2: Ball 1-2: Foul Ball, location: 2F 1-2: Foul Ball, location: 2F 1-2: Foul Ball, location: 2F 1-2: SINGLE (Groundball, 56D, EV 96.9 MPH)
|
Batting: RHB Shawon Dunston
|
0-0: Hit by Pitch Brad Bauman to second
|
Batting: RHB Pat Jelks
|
0-0: Ball 1-0: Foul Ball, location: 2F 1-1: Foul Ball, location: 2F 1-2: Ball 2-2: Fly out, F7 (Flyball, 7LS, EV 86.9 MPH)
|
Batting: LHB Mike Kingery
|
0-0: Called Strike 0-1: Ball 1-1: Ball 2-1: Ball 3-1: SINGLE (Line Drive, 78S, EV 91.9 MPH) Brad Bauman to third Shawon Dunston to second Runner from 3rd tries for Home, SAFE, throw by LF to home
|
Batting: RHB Dave Keller
|
0-0: Foul Ball, location: 2F 0-1: Ball 1-1: Ground out 5-3 (Groundball, 56S, EV 90.0 MPH)
|
Top of the 6th over - 1 run, 2 hits, 0 errors, 2 left on base; Burlington 1 - Lynchburg 3 |
BOTTOM OF THE 6TH |
Lynchburg Hillcats batting - Pitching for Burlington Senators : RHP Rick Steirer
|
Batting: RHB Russ Quetti
|
0-0: Fly out, F8 (Line Drive, 8LD, EV 87.5 MPH)
|
Batting: RHB William Lajoie
|
0-0: Ground out 5-3 (Groundball, 56S, EV 70.0 MPH)
|
Batting: RHB Richard Witt
|
0-0: Ball 1-0: Ball 2-0: Ball 3-0: Base on Balls
|
Batting: RHB Kenneth Tillman
|
0-0: Foul Ball, location: 2F 0-1: Ball 1-1: Fielders Choice at 2nd, 6-4 (Groundball, 6, EV 86.9 MPH)
|
Bottom of the 6th over - 0 runs, 0 hits, 0 errors, 1 left on base; Burlington 1 - Lynchburg 3 |
TOP OF THE 7TH |
Burlington Senators batting - Pitching for Lynchburg Hillcats : RHP Duane Ware
|
Batting: RHB Michael Spinozzi
|
0-0: Called Strike 0-1: Ground out 5-3 (Groundball, 25, EV 86.3 MPH)
|
Batting: LHB John Skorochocki
|
0-0: Called Strike 0-1: Called Strike 0-2: Ground out 6-3 (Groundball, 6, EV 106.9 MPH)
|
Batting: RHB Richard Hertel
|
0-0: Ball 1-0: Foul Ball, location: 2F 1-1: Ground out 5-3 (Groundball, 56, EV 107.5 MPH)
|
Top of the 7th over - 0 runs, 0 hits, 0 errors, 0 left on base; Burlington 1 - Lynchburg 3 |
BOTTOM OF THE 7TH |
Lynchburg Hillcats batting - Pitching for Burlington Senators : RHP Rick Steirer
|
Batting: RHB Curtis Cannedy
|
0-0: Ball 1-0: Ball 2-0: Ball 3-0: Called Strike 3-1: Base on Balls
|
Batting: RHB Frederic Wade
|
0-0: Sac Bunt to 15 - play at first, batter OUT! 1-3 Curtis Cannedy to second
|
Batting: LHB Eb MacDonald
|
0-0: Ball 1-0: Called Strike 1-1: Ground out 4-3 (Groundball, 4, EV 80.0 MPH) Curtis Cannedy to third
|
Batting: RHB Felix Estrada
|
0-0: Ball 1-0: Called Strike 1-1: Called Strike 1-2: Ball 2-2: Foul Ball, location: 2F 2-2: Fly out, F8 (Flyball, 8RD, EV 96.9 MPH)
|
Bottom of the 7th over - 0 runs, 0 hits, 0 errors, 1 left on base; Burlington 1 - Lynchburg 3 |
TOP OF THE 8TH |
Burlington Senators batting - Pitching for Lynchburg Hillcats : RHP Duane Ware
|
Batting: LHB Juan Araujo
|
0-0: Called Strike 0-1: Ground out 5-3 (Groundball, 56, EV 85.6 MPH)
|
Batting: RHB Brad Bauman
|
0-0: Foul Ball, location: 2F 0-1: Ball 1-1: Foul Ball, location: 2F 1-2: Ground out 5-3 (Groundball, 56, EV 107.5 MPH)
|
Batting: RHB Shawon Dunston
|
0-0: Swinging Strike 0-1: Ground out 5-3 (Groundball, 56, EV 86.3 MPH)
|
Top of the 8th over - 0 runs, 0 hits, 0 errors, 0 left on base; Burlington 1 - Lynchburg 3 |
BOTTOM OF THE 8TH |
Lynchburg Hillcats batting - Pitching for Burlington Senators : RHP Rick Steirer
|
Batting: RHB Ronald Lee
|
0-0: Ball 1-0: Ball 2-0: Fly out, F9 (Flyball, 89S, EV 86.9 MPH)
|
Batting: RHB Russ Quetti
|
0-0: Ball 1-0: Swinging Strike 1-1: Ball 2-1: Ball 3-1: Ground out 5-3 (Groundball, 56, EV 87.5 MPH)
|
Batting: RHB William Lajoie
|
0-0: SINGLE (Line Drive, 78M, EV 101.9 MPH)
|
Batting: RHB Richard Witt
|
0-0: Ball 1-0: Foul Ball, location: 2F 1-1: Ball 2-1: Foul Ball, location: 2F 2-2: Foul Ball, location: 2F 2-2: Ball 3-2: Strikes out swinging
|
Bottom of the 8th over - 0 runs, 1 hit, 0 errors, 1 left on base; Burlington 1 - Lynchburg 3 |
TOP OF THE 9TH |
Burlington Senators batting - Pitching for Lynchburg Hillcats : RHP Duane Ware
|
Pitching: RHP Paul Steets
|
|
Batting: RHB Pat Jelks
|
0-0: Ball 1-0: Called Strike 1-1: Called Strike 1-2: Ball 2-2: Strikes out swinging
|
Batting: LHB Mike Kingery
|
0-0: Called Strike 0-1: Ground out 4-3 (Groundball, 4, EV 88.1 MPH)
|
Batting: RHB Dave Keller
|
0-0: Foul Ball, location: 2F 0-1: Called Strike 0-2: Ball 1-2: Ball 2-2: Fly out, F7 (Flyball, 7D, EV 92.5 MPH)
|
Top of the 9th over - 0 runs, 0 hits, 0 errors, 0 left on base; Burlington 1 - Lynchburg 3 |
|